 Dungeon Crawl Stone Soup version 0.30.0-10-gfe55d96785 (webtiles) character file.

Game seed: 8890803913150066338

63 Cheops the Caller (level 3, -1/27 HPs)
             Began as an Armataur Summoner on May 14, 2023.
             Was a Believer of Uskayaw.
             Slain by a goblin
             ... wielding a +2 dagger of speed
             ... led by Robin
              (7 damage)
             ... on level 2 of the Dungeon.
             The game lasted 00:10:09 (1201 turns).

Cheops the Caller (Armataur Summoner)               Turns: 1201, Time: 00:10:10

Health: -1/27      AC:  4    Str: 13    XL:     3   Next: 87%
Magic:  3/6        EV:  9    Int: 17    God:    Uskayaw [**....]
Gold:   42         SH:  0    Dex: 10    Spells: 2/6 levels left

rFire   . . .        a - +0 dagger
rCold   . . .        (no shield)
rNeg    . . .        c - +0 robe
rPois   .            (no helmet)
rElec   .            (no cloak)
rCorr   .            (no gloves)
SInv    .            (no barding)
Will    .....        (no amulet)
Stlth   ++           e - ring of wizardry
HPRegen 0.24/turn    (no ring)
MPRegen 0.10/turn

%: roll, wizardry (x1)
@: about to teleport
A: large, rugged brown scales 3, deformed body, armoured tail, roll, long
tongue, awkward tongue
a: Renounce Religion, Stomp, Line Pass


You were on level 2 of the Dungeon.
You worshipped Uskayaw.
Uskayaw was noncommittal.
You visited 1 branch of the dungeon, and saw 2 of its levels.

You collected 42 gold pieces.

Inventory:

Hand Weapons
 a - a +0 dagger (weapon)
Armour
 c - a +0 robe (worn)
Jewellery
 e - a ring of wizardry (left hand)
Scrolls
 g - a scroll of magic mapping {unknown}
 h - a scroll of enchant weapon {unknown}
Potions
 f - 2 potions of cancellation {unknown}
 i - 2 potions of mutation {unknown}
 A - a potion of magic


   Skills:
 - Level 2.0 Short Blades
 - Level 1.3 Dodging
 - Level 2.1 Stealth
 + Level 2.0 Spellcasting
 - Level 4.0 Summonings


You had 2 spell levels left.
You knew the following spells:

 Your Spells              Type           Power      Damage    Failure   Level
a - Summon Small Mammal   Summ           60%        N/A       1%          1
b - Call Canine Familiar  Summ           15%        N/A       4%          3

Your spell library contained the following spells:

 Spells                   Type           Power      Damage    Failure   Level
 Call Imp                 Summ           30%        N/A       2%          2
 Freeze                   Ice            4%         1d3       8%          1
 Summon Guardian Golem    Hex/Summ       8%         N/A       11%         3
 Frozen Ramparts          Ice            2%         1d1       22%         3
 Hailstorm                Conj/Ice       1%         3d3       22%         3
 Summon Lightning Spire   Summ/Air       8%         N/A       32%         4


Dungeon Overview and Level Annotations

Branches:
Dungeon (2/15)

Altars:
Uskayaw


Innate Abilities, Weirdness & Mutations

You are completely covered in rugged brown scales. (AC +3, +7% HP)
Armour fits poorly on your strangely shaped body.
You have a long armoured tail.
You roll when moving toward enemies. (Rampage)
Your long tongue fully drains potion bottles. (2x potion effects)
Your tongue gives you trouble enunciating. (1.5x scroll delay)


Message History

The goblin hits you with a +2 dagger of speed.
Your hound bites the hobgoblin.
Training target 2.0 for Short Blades reached!
Your Short Blades skill increases to level 2!
You need to enable at least one skill for training.
Your Spellcasting skill increases to level 2!
As you slowly read the scroll labelled HEFEUWK BIRPHU, it crumbles to dust.
It is a scroll of identify.
d - a scroll of teleportation The goblin no longer looks unusually strong.
The hobgoblin no longer looks unusually strong.
Your hound bites the hobgoblin.
The goblin hits your hound with a +0 club.
The hobgoblin hits you but does no damage.
The goblin hits you with a +0 dagger.
* * * LOW HITPOINT WARNING * * *
The hobgoblin barely misses your hound. The goblin barely misses you.
The goblin hits you but does no damage.
Your hound bites the hobgoblin.
The goblin hits you but does no damage.
The goblin hits your hound with a +0 club.
The hobgoblin hits you.
* * * LOW HITPOINT WARNING * * *
The hobgoblin hits your hound. The hobgoblin barely misses your hound.
The goblin closely misses you.
The goblin hits you but does no damage. x2
As you slowly read the scroll of teleportation, it crumbles to dust.
You feel strangely unstable.
The hobgoblin no longer looks unusually strong.
Your hound bites the hobgoblin.
The hobgoblin dies!
Your hound closely misses the goblin.
The hobgoblin barely misses you. The hobgoblin hits your hound.
Your hound dies!
Your hound's corpse disappears in a puff of smoke!
The hobgoblin closely misses you. The goblin hits you with a +0 dagger.
* * * LOW HITPOINT WARNING * * *
The kobold hits you with a +0 short sword.
* * * LOW HITPOINT WARNING * * *
The goblin closely misses you. The goblin barely misses you.
The goblin hits you with a +2 dagger of speed!
You die...

#......)...##.#
#^......<..##.#######..#
#...............†.......
##...........#.######...
#..........#....##
#).........###†..#
#......gg..# ##....#
#.....gggg.# ....#
#.....g@g†.####.......
##.....gK.............
##...†..#.##.........
#####....# ..#####.
..#..... .. .......#
...###### ..## ##.


You could see 3 hobgoblins, 6 goblins and a kobold.

Vanquished Creatures
  Robin (D:2)
  A worm (D:2)
  3 dart slugs
  4 ball pythons
  An endoplasm (D:1)
  A giant cockroach (D:1)
  3 hobgoblins (D:1)
  3 jackals (D:1)
  3 quokkas
  5 bats (D:1)
  5 goblins
  2 kobolds
  3 rats
35 creatures vanquished.

Vanquished Creatures (collateral kills)
  A goblin (D:2)
  3 hobgoblins (D:2)
  A frilled lizard (D:2)
5 creatures vanquished.

Grand Total: 40 creatures vanquished

Notes
Turn   | Place    | Note
-------+----------+-------------------------------------------
     0 | D:1      | Cheops the Armataur Summoner began the quest for the Orb.
     0 | D:1      | Reached XP level 1. HP: 14/14 MP: 3/3
   208 | D:1      | Reached XP level 2. HP: 15/21 MP: 4/4
   435 | D:1      | Reached skill level 4 in Summonings
   440 | D:1      | Found a faded altar of an unknown god.
   487 | D:1      | Prayed at the altar of an unknown god.
   487 | D:1      | Became a worshipper of Uskayaw the Reveller
   487 | D:1      | Reached * piety under Uskayaw
   512 | D:1      | Reached XP level 3. HP: 24/27 MP: 5/5
   795 | D:1      | Reached skill level 1 in Short Blades
   899 | D:1      | Learned a level 3 spell: Call Canine Familiar
  1182 | D:2      | Noticed Robin
  1195 | D:2      | Reached ** piety under Uskayaw
  1199 | D:2      | Killed Robin
  1201 | D:2      | Slain by a goblin

Illustrated notes

Levels and vault maps discovered:
D:1:      kennysheep_arrival_forest, layout_loops_ring,
          hellmonk_ecumenical_altar_dog_temple, serial_park_tiny_1,
          minmay_misc_feat_tower
D:2:      layout_rooms, kennysheep_generic_room_14, uniq_robin

Skill      XL: |  1  2  3 |
---------------+----------+-----
Summonings     | 4 |  4.0
Short Blades   | 2 |  2.0
Spellcasting   | 2 |  2.0
Dodging        | |  1.3
Stealth        | |  2.1

Action                     || total
---------------------------++-------
  Melee: Unarmed           ||    27
         Dagger            ||   132
         Tailslap          ||    16
   Cast: Summon Small Mamm ||     2
         Call Canine Famil ||     4
    Use: Scroll            ||     2
   Stab: Sleeping          ||     6
         Distracted        ||     1
 Armour: Robe              ||    70
  Dodge: Dodged            ||    89
